 Dungeon Crawl Stone Soup version 0.30.0 (webtiles) character file.

Game seed: 10491932409960170112

153031 Caliliti the Warrior (level 17, -2/169 HPs)
             Began as a Hill Orc Fighter on Sept 13, 2023.
             Was the Champion of Jiyva.
             Slain by a ghost moth (4 damage)
             ... on level 4 of the Spider Nest on Sept 19, 2023.
             The game lasted 07:36:53 (23482 turns).

Caliliti the Warrior (Hill Orc Fighter)            Turns: 23482, Time: 07:36:59

Health: -2/169     AC: 27    Str: 23 (26) XL:     17   Next: 59%
Magic:  0/17       EV:  3    Int: 12 (13) God:    Jiyva [******]
Gold:   2278       SH:  0    Dex: 13 (14) Spells: 16/16 levels left

rFire   . . .        D - +8 broad axe (heavy)
rCold   + . .        c - +0 buckler
rNeg    . . .        u - +1 crystal plate armour "Sizo Fuv" {-Cast rElec Slay+2 Stlth+}
rPois   +            (helmet restricted)
rElec   +            t - +0 cloak
rCorr   +            r - +2 pair of gloves
SInv    .            f - +1 pair of boots
Will    +....        I - amulet of reflection Stlth
                     A - ring of poison resistance
HPRegen 2.08/turn    J - +6 ring of intelligence
MPRegen 0.65/turn

%: no spellcasting, reflection
@: held, hasted, very quick
A: horns 1, large bone plates 3, agile 1, cold resistance 1, sense surroundings
3, eyeballs 1, pseudopods 2, tendrils, jelly sensing items
a: Renounce Religion, Oozemancy, Slimify


You were on level 4 of the Spider Nest.
You worshipped Jiyva.
Jiyva was exalted by your worship.
You visited 5 branches of the dungeon, and saw 24 of its levels.
You also visited: Trove, Bailey and Ice Cave.

You collected 2982 gold pieces.
You spent 704 gold pieces at shops.

Inventory:

Hand Weapons
 q - a +0 glaive of freezing
 s - the +11 morningstar "Hiusiron" {freeze, Str+3 Int+4}
   (You found it in an ice cave)

   Str:       It affects your strength (+3).
   Int:       It affects your intelligence (+4).
 v - a +0 flail of protection
 y - a +0 hand axe of venom
 D - a +8 heavy broad axe (weapon)
 X - the +7 captain's cutlass {speed, disarm}
   (You found it on level 5 of the Lair of Beasts)
Missiles
 g - 5 throwing nets
 m - 20 poisoned darts (quivered)
 B - a curare-tipped dart
Armour
 c - a +0 buckler (worn)
 e - the +4 ring mail of the Dancing Gods {+Blink rN+ Slay+2}
   (You found it on level 5 of the Dungeon)

   Slay:      It affects your accuracy & damage with ranged weapons and melee
   (+2).
   rN:        It protects you from negative energy.
   +Blink:    It lets you blink.
 f - a +1 pair of boots (worn)
 r - a +2 pair of gloves (worn)
 t - a +0 cloak (worn)
 u - the +1 crystal plate armour "Sizo Fuv" (worn) {-Cast rElec Slay+2 Stlth+}
   (You found it in a treasure trove)

   Slay:      It affects your accuracy & damage with ranged weapons and melee
   (+2).
   rElec:     It insulates you from electricity.
   -Cast:     It prevents spellcasting.
   Stlth:     It makes you more stealthy.
 Y - a +2 helmet
Magical Staves
 j - a staff of poison
Jewellery
 l - an amulet of regeneration
 o - a ring of protection from fire
 A - a ring of poison resistance (left hand)
 I - an amulet of reflection (around neck)
 J - a +6 ring of intelligence (right hand)
Wands
 a - a wand of roots (10)
 x - a wand of flame (30)
Scrolls
 b - a scroll of fog {unknown}
 d - 2 scrolls of magic mapping
 h - a scroll of fear
 C - 4 scrolls of teleportation
 Z - a scroll of poison
Potions
 i - a potion of lignification
 k - a potion of magic
 n - a potion of curing
 p - 2 potions of might
 w - 4 potions of mutation
 z - 2 potions of invisibility
 F - 2 potions of berserk rage
 K - 4 potions of haste
 O - 3 potions of flight
Miscellaneous
 Q - a phantom mirror


   Skills:
 * Level 19.7 Fighting
 - Level 18.0(18.5) Axes
 + Level 6.4(11.8) Maces & Flails
 - Level 6.0 Throwing
 * Level 17.0 Armour
 - Level 1.4 Dodging
 + Level 15.0 Shields
 - Level 6.0 Evocations


You had 16 spell levels left.
You didn't know any spells.
Your spell library contained the following spells:

 Spells                   Type           Power      Damage    Failure   Level
 Kiss of Death            Conj/Necr      0%         2d5       100%        1
 Cigotuvi's Dreadful Rot  Necr/Pois/Air  0%         N/A       100%        2
 Sublimation of Blood     Necr           0%         N/A       100%        2
 Wereblood                Tmut           0%         N/A       100%        2
 Call Canine Familiar     Summ           0%         N/A       100%        3
 Confusing Touch          Hex            0%         N/A       100%        3
 Hailstorm                Conj/Ice       0%         3d3       100%        3
 Portal Projectile        Hex/Tloc       0%         N/A       100%        3
 Dispel Undead            Necr           0%         3d6       100%        4
 Ice Form                 Ice/Tmut       0%         N/A       100%        4
 Leda's Liquefaction      Hex/Erth       0%         N/A       100%        4
 Passage of Golubria      Tloc           0%         N/A       100%        4
 Blade Hands              Tmut           0%         N/A       100%        5
 Irradiate                Conj/Tmut      0%         3d11      100%        5
 Silence                  Hex/Air        0%         N/A       100%        5
 Death Channel            Necr           0%         N/A       100%        6
 Simulacrum               Ice/Necr       0%         N/A       100%        6
 Dragon Form              Tmut           0%         N/A       100%        7
 Summon Hydra             Summ           0%         N/A       100%        7
 Lehudib's Crystal Spear  Conj/Erth      0%         10d2      100%        8


Dungeon Overview and Level Annotations

Branches:
Dungeon (12/15)            Temple (1/1) D:6            Lair (5/5) D:8
  Swamp (0/4) Lair:3       Spider (4/4) Lair:2        Slime (0/5) Lair:5
    Orc (2/2) D:12            Elf (0/3) Orc:2        Bailey (visited)
  IceCv (visited)

Altars:
Ashenzari
Cheibriados
Dithmenos
Elyvilon
Fedhas
Gozag
Hepliaklqana
Kikubaaqudgha
Makhleb
Nemelex Xobeh
Okawaru
Qazlal
Ru
Sif Muna
Trog
Uskayaw
Vehumet
Wu Jian
Xom
Yredelemnul
Zin
The Shining One
Beogh
Jiyva

Shops:
D:2 *!(   D:6 *   D:11 (   Orc:2 [?=*

Portals:
Pandemonium: Orc:2


Innate Abilities, Weirdness & Mutations

You have a pair of small horns on your head.
You are completely covered in large bone plates. (SH +8)
You are agile. (Dex +4, Str/Int -1)
Your flesh is cold resistant. (rC+)
You passively map a large area around you.
Your body has grown eyes which may confuse attackers. (Acc +3)
Armour fits poorly on your large pseudopods.
You are covered in slimy tendrils that may disarm your opponents.
You have a small jelly attached to you that senses nearby items.


Message History

The orb spider dies!
You block something's attack.
The eyeballs on your body gaze at something.
Something hits you but does no damage. Something stings you.
* * * LOW HITPOINT WARNING * * *
You closely miss the jumping spider.
Your headbutt misses the jumping spider.
You bludgeon the jumping spider.
The jumping spider is lightly wounded.
You slash the jumping spider! You slash something!
Reactivating autopickup.
You feel a bit more experienced.
You slash something! The jumping spider pounces on you!
* * * LOW HITPOINT WARNING * * *
You are caught in a web!
The jumping spider bites you but does no damage.
Something hits you but does no damage.
Deactivating autopickup; reactivate with Ctrl-A.
Something hits you but does no damage. Something stings you!
* * * LOW HITPOINT WARNING * * *
The jumping spider pounces on you but does no damage.
The jumping spider bites you.
* * * LOW HITPOINT WARNING * * *
The jumping spider pounces on you but does no damage.
The jumping spider bites you but does no damage.
You feel you are being watched by something.
You feel your power leaking away.
Something hits you but does no damage. x2; Something stings you.
* * * LOW HITPOINT WARNING * * *
You feel clumsy.
The orb spider spins a strand of pure energy.
Your Shields skill increases to level 15!
You feel yourself speed up.
The jumping spider pounces on you but does no damage.
The jumping spider bites you.
* * * LOW HITPOINT WARNING * * *
You feel you are being watched by something.
You feel your power leaking away. Something hits you.
You die...

#.......~~~≈# ##≈≈≈~
#....#..~≈≈## , #≈≈≈~~
#...^...~≈≈≈## ≈≈≈≈~^
#.#.....~≈~≈≈######≈≈~~~.
##.......~~≈≈≈≈≈≈≈≈≈≈≈~~..
#^...^.#...~≈≈≈≈~~≈≈≈~~...
#^....ss...~~~~~~~~~~~....
#^~.^..^†{s.†........~.^..
##^^..#.#@J##.#^.....^~...
##...^.s..^......^.......
#.#.#..^#.##~...#..#...#
#^^^^.~^^.^~##^^#^^^~.^.
#####^..^^.....^^.......
####################


You could see 2 orb spiders, 2 jumping spiders and a friendly azure jelly
(summoned).

Vanquished Creatures
  Arachne (Spider:4)
  Gastronok (D:10)
  Kirke (Lair:3)
  3 ghost moths
  An emperor scorpion (Spider:3)
  An orc warlord (Bailey)
  3 broodmothers
  7 spark wasps
  4 entropy weavers
  Harold (Lair:2)
  Erolcha (D:9)
  6 hydras
  A jorogumo (Spider:3)
  2 radroaches
  A merfolk avatar (Lair:5)
  A demonspawn (Orc:2)
  2 boulder beetles
  A catoblepas (Lair:2)
  4 two-headed ogres
  17 death yaks
  5 orc high priests (Orc:2)
  5 pharaoh ants
  A sixfirhy (Orc:2)
  3 sun moths
  3 skysharks
  2 bog bodies (IceCv)
  12 orb spiders
  2 steelbarb worms (Spider:3)
  6 orc knights
  4 harpies (Lair:5)
  7 orc sorcerers
  An oklob plant (Lair:4)
  An ugly thing (D:11)
  19 wolf spiders
  5 cyclopes
  2 manticores
  14 elephants
  4 moths of wrath
  2 black mambas
  Maurice (D:11)
  6 demonic crawlers
  An ice statue (IceCv)
  12 cane toads
  An orange demon (Orc:2)
  4 torpor snails
  8 rime drakes
  8 komodo dragons
  2 unseen horrors (D:12)
  2 ice devils
  4 trolls
  10 meliai
  3 hornets
  24 tarantellas
  4 polar bears
  A snapping turtle (Lair:5)
  16 blink frogs
  15 dream sheep
  16 culicivoras
  20 jumping spiders
  A dire elephant simulacrum (IceCv)
  50 yaks
  2 vampires
  4 hogs (Lair:3)
  A chaos spawn (Orc:2)
  5 wyverns
  4 basilisks (Lair:2)
  A death yak simulacrum (IceCv)
  50 redbacks
  3 steam dragons
  10 vampire mosquitoes (D:12)
  2 wargs
  2 harpy simulacra (IceCv)
  An acid dragon (D:12)
  A hydra simulacrum (IceCv)
  Duvessa (D:7)
  9 ice beasts
  34 orc warriors
  12 water moccasins
  3 sky beasts
  3 black bears
  7 ogres
  15 wolves
  3 centaurs
  A phantom (D:5)
  11 bullfrogs
  3 kobold brigands (D:7)
  A cane toad simulacrum (IceCv)
  3 gnoll sergeants
  2 scorpions
  5 two-headed ogre simulacra (IceCv)
  Dowan (D:7)
  An elephant simulacrum (IceCv)
  2 hounds
  30 orc priests
  3 gnoll boudas
  A sleepcap (D:7)
  10 orc wizards
  7 hell rats (Lair:4)
  7 spriggan simulacra (IceCv)
  5 polar bear simulacra (IceCv)
  5 troll simulacra (IceCv)
  A wolf simulacrum (IceCv)
  Robin (D:4)
  29 gnolls
  9 adders
  3 naga simulacra (IceCv)
  A shadow imp (D:7)
  7 white imps (IceCv)
  5 ufetubi (IceCv)
  A worm (D:2)
  2 dart slugs
  71 orcs
  6 endoplasms
  4 giant cockroaches
  24 goblins
  21 hobgoblins
  10 jackals
  16 kobolds
  3 quokkas
  6 ball pythons
  5 bats
  2 frilled lizards (D:1)
  3 rats
867 creatures vanquished.

Vanquished Creatures (collateral kills)
  A radroach (Spider:4)
  3 orb spiders
  A redback (Spider:4)
5 creatures vanquished.

Vanquished Creatures (others)
  A steelbarb worm (Spider:4)
  A wolf spider (Spider:4)
  A demonic crawler (Spider:4)
  A tarantella (Spider:4)
  A hog (Lair:3)
  A redback (Spider:1)
  An orc warrior (D:10)
  An ogre (D:5)
  A wolf (Lair:1)
  A centaur (D:9)
  2 bullfrogs
  2 howler monkeys
  87 jellies
  4 hounds
  An orc priest (D:10)
  2 iguanas (D:5)
  An orc wizard (D:6)
  7 gnolls
  A white imp (D:8)
  An ufetubus (D:5)
  An endoplasm (D:3)
  12 orcs
  A giant cockroach (D:3)
  A hobgoblin (D:3)
  A jackal (D:3)
  2 kobolds
  A quokka (D:5)
  A frilled lizard (D:3)
  A bush (Lair:2)
  49 fungi
  131 plants
319 creatures vanquished.

Grand Total: 1191 creatures vanquished

Notes
Turn   | Place    | Note
-------+----------+-------------------------------------------
     0 | D:1      | Caliliti the Hill Orc Fighter began the quest for the Orb.
     0 | D:1      | Reached XP level 1. HP: 19/19 MP: 1/1
   121 | D:1      | Reached XP level 2. HP: 21/27 MP: 2/2
   344 | D:1      | Reached skill level 4 in Fighting
   442 | D:1      | Reached XP level 3. HP: 33/33 MP: 3/3
   827 | D:2      | Found Pyshrups's Distillery.
   853 | D:2      | Bought a potion of might for 44 gold pieces
   883 | D:2      | Found a stormy altar of Qazlal.
  1163 | D:2      | Found Zuts's Weapon Shoppe.
  1205 | D:2      | Reached skill level 1 in Dodging
  1205 | D:2      | Reached XP level 4. HP: 39/40 MP: 4/4
  1370 | D:2      | Found Raynk's Assorted Antiques.
  2309 | D:2      | Found a faded altar of an unknown god.
  2330 | D:2      | Prayed at the altar of an unknown god.
  2330 | D:2      | Became a worshipper of Jiyva Jaenn the Shapeless
  2330 | D:2      | Reached * piety under Jiyva
  2902 | D:3      | Reached ** piety under Jiyva
  3181 | D:3      | Reached XP level 5. HP: 47/47 MP: 5/5
  3496 | D:4      | Found a blossoming altar of Fedhas.
  3508 | D:4      | Found a glowing golden altar of the Shining One.
  3512 | D:4      | Found a shadowy altar of Dithmenos.
  3592 | D:4      | Noticed Robin
  3618 | D:4      | Killed Robin
  3638 | D:4      | Reached skill level 5 in Axes
  3638 | D:4      | Reached *** piety under Jiyva
  3728 | D:4      | Noticed a black bear
  3735 | D:4      | Killed a black bear
  3736 | D:4      | Reached XP level 6. HP: 52/55 MP: 6/6
  3776 | D:5      | Entered Level 5 of the Dungeon
  3776 | D:5      | Gained mutation: You passively map a small area around you.
                  | [Jiyva's grace]
  3776 | D:5      | Gained mutation: You passively map the area around you.
                  | [Jiyva's grace]
  3776 | D:5      | Gained mutation: You passively map a large area around you.
                  | [Jiyva's grace]
  3776 | D:5      | Gained mutation: You are strong-willed. (Will+) [Jiyva's
                  | grace]
  3784 | D:5      | Noticed a black bear
  3795 | D:5      | Killed a black bear
  3796 | D:5      | Reached skill level 5 in Fighting
  3946 | D:5      | Reached XP level 7. HP: 59/61 MP: 7/7
  3968 | D:5      | Identified the +4 ring mail of the Dancing Gods {+Blink rN+
                  | Slay+2}
  4012 | D:5      | Reached skill level 5 in Armour
  4195 | D:5      | Reached skill level 6 in Fighting
  4481 | D:5      | Reached skill level 5 in Shields
  4652 | D:6      | Noticed a steam dragon
  4691 | D:6      | Killed a steam dragon
  4692 | D:6      | Reached XP level 8. HP: 35/71 MP: 4/8
  4695 | D:6      | Noticed a hornet
  4702 | D:6      | Killed a hornet
  4719 | D:6      | Found a staircase to the Ecumenical Temple.
  4726 | Temple   | Entered the Ecumenical Temple
  5009 | D:6      | Reached skill level 7 in Fighting
  5241 | D:6      | Lost mutation: You are strong-willed. (Will+) [potion of
                  | mutation]
  5241 | D:6      | Lost mutation: You passively map a large area around you.
                  | [potion of mutation]
  5241 | D:6      | Gained mutation: You have sharp toenails. [potion of
                  | mutation]
  5398 | D:6      | Found Imnaergh's Assorted Antiques.
  5535 | D:6      | Noticed a troll
  5543 | D:6      | Killed a troll
  5544 | D:6      | Reached XP level 9. HP: 35/79 MP: 9/9
  5783 | D:7      | Reached **** piety under Jiyva
  6112 | D:7      | Found a large runed translucent door.
  6113 | D:7      | Found a large runed translucent door.
  6124 | D:7      | Found a burning altar of Makhleb.
  6127 | D:7      | Found a snail-covered altar of Cheibriados.
  6167 | D:7      | Reached skill level 8 in Fighting
  6200 | D:7      | Found a white marble altar of Elyvilon.
  6613 | D:7      | Noticed Duvessa
  6613 | D:7      | Noticed Dowan
  6627 | D:7      | Killed Duvessa
  6638 | D:7      | Killed Dowan
  7325 | D:8      | Noticed a polar bear
  7392 | D:8      | Lost mutation: You have sharp toenails. [Jiyva's grace]
  7392 | D:8      | Lost mutation: You passively map the area around you.
                  | [Jiyva's grace]
  7392 | D:8      | Gained mutation: You expend magic power (3 MP) to
                  | strengthen your wands. [Jiyva's grace]
  7392 | D:8      | Gained mutation: You passively map the area around you.
                  | [Jiyva's grace]
  7392 | D:8      | Gained mutation: You passively map a large area around you.
                  | [Jiyva's grace]
  7392 | D:8      | Gained mutation: You have large cloven feet. [Jiyva's
                  | grace]
  7402 | D:8      | Reached ***** piety under Jiyva
  7427 | D:8      | Killed a polar bear
  7446 | D:8      | Reached XP level 10. HP: 75/90 MP: 7/10
  7447 | D:8      | Reached skill level 9 in Fighting
  7449 | D:8      | Reached skill level 10 in Axes
  7664 | D:8      | Found a staircase to the Lair.
  8043 | D:9      | Reached skill level 10 in Fighting
  8287 | D:9      | Noticed Erolcha
  8295 | D:9      | Killed Erolcha
  8296 | D:9      | Reached XP level 11. HP: 97/101 MP: 11/11
  8351 | D:9      | Found a flagged portal.
  8363 | Bailey   | Entered a bailey
  8454 | Bailey   | Noticed an orc knight
  8470 | Bailey   | Killed an orc knight
  8586 | Bailey   | Noticed an orc warlord
  8609 | Bailey   | Killed an orc warlord
  8610 | Bailey   | Reached skill level 10 in Armour
  8819 | D:9      | Lost mutation: You expend magic power (3 MP) to strengthen
                  | your wands. [Jiyva's grace]
  8819 | D:9      | Gained mutation: Armour fits poorly on your pseudopods.
                  | [Jiyva's grace]
  8819 | D:9      | Gained mutation: Armour fits poorly on your large
                  | pseudopods. [Jiyva's grace]
  8819 | D:9      | Gained mutation: Armour fits poorly on your massive
                  | pseudopods. [Jiyva's grace]
  8819 | D:9      | Gained mutation: You possess an exceptional clarity of
                  | mind. [Jiyva's grace]
  9152 | D:10     | Entered Level 10 of the Dungeon
  9189 | D:10     | Reached skill level 13 in Fighting
  9189 | D:10     | Reached XP level 12. HP: 115/115 MP: 12/12
  9197 | D:10     | Noticed a two-headed ogre
  9200 | D:10     | Noticed a two-headed ogre
  9204 | D:10     | Killed a two-headed ogre
  9212 | D:10     | Killed a two-headed ogre
  9249 | D:10     | Noticed Gastronok
  9279 | D:10     | Killed Gastronok
  9280 | D:10     | Reached skill level 10 in Shields
  9694 | D:10     | Found a stormy altar of Qazlal.
  9767 | D:11     | Found Ushetuet's Antique Weapon Shop.
  9922 | D:11     | Found an ancient bone altar of Kikubaaqudgha.
 10221 | D:11     | Noticed a boulder beetle
 10227 | D:11     | Reached ****** piety under Jiyva
 10244 | D:11     | Killed a boulder beetle
 10264 | D:11     | Noticed Maurice
 10271 | D:11     | Killed Maurice
 10370 | D:11     | Gained mutation: You have hidden genetic potential.
                  | [Jiyva's grace]
 10370 | D:11     | Gained mutation: You have great hidden genetic potential.
                  | [Jiyva's grace]
 10370 | D:11     | Gained mutation: Your body has grown eyes which may confuse
                  | attackers. (Acc +3) [Jiyva's grace]
 10370 | D:11     | Gained mutation: Your body has grown many eyes which may
                  | confuse attackers. (Acc +5) [Jiyva's grace]
 10516 | D:12     | Found a staircase to the Orcish Mines.
 10576 | D:12     | Reached skill level 15 in Axes
 10738 | D:12     | Noticed a two-headed ogre
 10745 | D:12     | Killed a two-headed ogre
 10746 | D:12     | Reached skill level 14 in Fighting
 10746 | D:12     | Reached XP level 13. HP: 119/124 MP: 13/13
 10941 | D:12     | Found a portal to a secret trove of treasure.
 11316 | D:6      | Bought a potion of resistance for 280 gold pieces
 11316 | D:6      | Bought a scroll of identify for 56 gold pieces
 11316 | D:6      | Identified a scroll of acquirement
 11317 | D:6      | Acquired a +3 battleaxe of electrocution
 11528 | D:12     | You paid a toll of 4 potions of resistance to enter a
                  | treasure trove
 11529 | Trove    | Entered a treasure trove
 11546 | Trove    | Identified the ring of Jier {Fire Str+3}
 11550 | Trove    | Identified the +7 spear of Putrescence {antimagic, rCorr}
 11553 | Trove    | Identified the +1 crystal plate armour "Sizo Fuv" {-Cast
                  | rElec Slay+2 Stlth+}
 12137 | Orc:1    | Entered Level 1 of the Orcish Mines
 12257 | Orc:2    | Entered Level 2 of the Orcish Mines
 12489 | Orc:2    | Found a staircase to the Elven Halls.
 12516 | Orc:2    | Found Wybel's General Store.
 12545 | Orc:2    | Found Yxuhybuq's Magic Scroll Shoppe.
 12613 | Orc:2    | Bought a scroll of identify for 26 gold pieces
 12613 | Orc:2    | Bought a scroll of identify for 26 gold pieces
 12617 | Orc:2    | Bought a scroll of teleportation for 39 gold pieces
 12617 | Orc:2    | Bought a scroll of teleportation for 39 gold pieces
 12617 | Orc:2    | Bought a scroll of enchant weapon for 97 gold pieces
 12617 | Orc:2    | Bought a scroll of enchant weapon for 97 gold pieces
 13040 | Orc:1    | Found a roughly hewn altar of Beogh.
 13304 | Orc:2    | Gained mutation: Your natural rate of healing is unusually
                  | fast. [hidden potential]
 13365 | Orc:2    | Lost mutation: Your natural rate of healing is unusually
                  | fast. [Jiyva's grace]
 13365 | Orc:2    | Lost mutation: Your body has grown many eyes which may
                  | confuse attackers. (Acc +5) [Jiyva's grace]
 13365 | Orc:2    | Lost mutation: Armour fits poorly on your massive
                  | pseudopods. [Jiyva's grace]
 13365 | Orc:2    | Lost mutation: Armour fits poorly on your large pseudopods.
                  | [Jiyva's grace]
 13365 | Orc:2    | Lost mutation: Armour fits poorly on your pseudopods.
                  | [Jiyva's grace]
 13365 | Orc:2    | Gained mutation: Your muscles are strong. (Str +4, Int/Dex
                  | -1) [Jiyva's grace]
 13365 | Orc:2    | Gained mutation: Your muscles are very strong. (Str +8,
                  | Int/Dex -2) [Jiyva's grace]
 13365 | Orc:2    | Gained mutation: You are covered in slimy tendrils that may
                  | disarm your opponents. [Jiyva's grace]
 13365 | Orc:2    | Gained mutation: You have a small jelly attached to you
                  | that may absorb projectiles. [Jiyva's grace]
 13382 | Orc:2    | Gained mutation: Your body sometimes deteriorates upon
                  | taking damage. [a neqoxec]
 13384 | Orc:2    | Reached skill level 15 in Fighting
 13540 | Orc:2    | Reached XP level 14. HP: 129/135 MP: 14/14
 13546 | Orc:2    | Found Ukuiwuut's Jewellery Boutique.
 13546 | Orc:2    | Found Sidgh's Antique Armour Shop.
 13549 | Orc:2    | Found a one-way gate leading to the halls of Pandemonium.
 13867 | Lair:1   | Entered Level 1 of the Lair of Beasts
 14616 | Lair:2   | Found a hole to the Spider Nest.
 14704 | Lair:2   | Noticed Harold
 14717 | Lair:2   | Killed Harold
 14780 | Lair:2   | Gained mutation: Your movements are slightly less
                  | encumbered by armour. (ER -2) [hidden potential]
 14780 | Lair:2   | Lost mutation: You have great hidden genetic potential.
                  | [hidden potential expressed]
 14839 | Lair:2   | Found a frozen archway.
 14848 | IceCv    | Entered an ice cave
 15039 | IceCv    | Lost mutation: Your body sometimes deteriorates upon taking
                  | damage. [Jiyva's grace]
 15039 | IceCv    | Lost mutation: You passively map a large area around you.
                  | [Jiyva's grace]
 15039 | IceCv    | Lost mutation: Your muscles are very strong. (Str +8,
                  | Int/Dex -2) [Jiyva's grace]
 15039 | IceCv    | Lost mutation: You have hidden genetic potential. [Jiyva's
                  | grace]
 15039 | IceCv    | Lost mutation: You have a small jelly attached to you that
                  | may absorb projectiles. [Jiyva's grace]
 15039 | IceCv    | Lost mutation: Your movements are slightly less encumbered
                  | by armour. (ER -2) [Jiyva's grace]
 15039 | IceCv    | Gained mutation: Your flesh is cold resistant. (rC+)
                  | [Jiyva's grace]
 15039 | IceCv    | Gained mutation: Your flesh is very cold resistant. (rC++)
                  | [Jiyva's grace]
 15039 | IceCv    | Gained mutation: Your flesh is almost immune to the effects
                  | of cold. (rC+++) [Jiyva's grace]
 15039 | IceCv    | Gained mutation: A frigid envelope surrounds you and
                  | freezes all who hurt you. [Jiyva's grace]
 15169 | IceCv    | Reached skill level 16 in Fighting
 15169 | IceCv    | Reached skill level 1 in Evocations
 15212 | IceCv    | Reached skill level 1 in Throwing
 15386 | IceCv    | Identified the +11 morningstar "Hiusiron" {freeze, Str+3
                  | Int+4}
 16611 | Lair:3   | Reached XP level 15. HP: 94/145 MP: 15/15
 16672 | Lair:3   | Noticed Kirke
 16679 | Lair:3   | Killed Kirke
 17073 | Lair:3   | Reached skill level 17 in Fighting
 17157 | Lair:3   | Found a staircase to the Swamp.
 17423 | Lair:4   | Lost mutation: You have large cloven feet. [Jiyva's grace]
 17423 | Lair:4   | Lost mutation: You possess an exceptional clarity of mind.
                  | [Jiyva's grace]
 17423 | Lair:4   | Lost mutation: Your flesh is almost immune to the effects
                  | of cold. (rC+++) [Jiyva's grace]
 17423 | Lair:4   | Lost mutation: A frigid envelope surrounds you and freezes
                  | all who hurt you. [Jiyva's grace]
 17423 | Lair:4   | Lost mutation: Your muscles are strong. (Str +4, Int/Dex
                  | -1) [Jiyva's grace]
 17423 | Lair:4   | Gained mutation: You possess an exceptional clarity of
                  | mind. [Jiyva's grace]
 17423 | Lair:4   | Gained mutation: You are agile. (Dex +4, Str/Int -1)
                  | [Jiyva's grace]
 17423 | Lair:4   | Gained mutation: You are very agile. (Dex +8, Str/Int -2)
                  | [Jiyva's grace]
 17423 | Lair:4   | Gained mutation: You have a small jelly attached to you
                  | that senses nearby items. [Jiyva's grace]
 17756 | Lair:4   | Reached skill level 1 in Maces & Flails
 18239 | Lair:5   | Entered Level 5 of the Lair of Beasts
 18360 | Lair:5   | Found the +7 captain's cutlass {speed, disarm}
 18368 | Lair:5   | Reached skill level 15 in Armour
 18889 | Lair:5   | Reached XP level 16. HP: 157/157 MP: 16/16
 18920 | Lair:5   | Lost mutation: You possess an exceptional clarity of mind.
                  | [Jiyva's grace]
 18920 | Lair:5   | Gained mutation: You have a pair of small horns on your
                  | head. [Jiyva's grace]
 18920 | Lair:5   | Gained mutation: You have a pair of horns on your head.
                  | [Jiyva's grace]
 18920 | Lair:5   | Gained mutation: You have a pair of large horns on your
                  | head. [Jiyva's grace]
 18920 | Lair:5   | Gained mutation: Your natural rate of healing is unusually
                  | fast. [Jiyva's grace]
 19099 | Lair:5   | Found a viscous altar of Jiyva.
 19099 | Lair:5   | Found a staircase to the Slime Pits.
 19354 | Spider:1 | Entered Level 1 of the Spider Nest
 19399 | Spider:1 | Reached skill level 5 in Evocations
 19515 | Spider:1 | Reached skill level 18 in Fighting
 20286 | Spider:1 | Lost mutation: You have a pair of large horns on your head.
                  | [Jiyva's grace]
 20286 | Spider:1 | Lost mutation: You are very agile. (Dex +8, Str/Int -2)
                  | [Jiyva's grace]
 20286 | Spider:1 | Lost mutation: Your flesh is very cold resistant. (rC++)
                  | [Jiyva's grace]
 20286 | Spider:1 | Lost mutation: You passively map the area around you.
                  | [Jiyva's grace]
 20286 | Spider:1 | Lost mutation: Your natural rate of healing is unusually
                  | fast. [Jiyva's grace]
 20286 | Spider:1 | Gained mutation: You passively map the area around you.
                  | [Jiyva's grace]
 20286 | Spider:1 | Gained mutation: You passively map a large area around you.
                  | [Jiyva's grace]
 20286 | Spider:1 | Gained mutation: Armour fits poorly on your pseudopods.
                  | [Jiyva's grace]
 20286 | Spider:1 | Gained mutation: Armour fits poorly on your large
                  | pseudopods. [Jiyva's grace]
 20434 | Spider:2 | Reached skill level 5 in Throwing
 21932 | Spider:3 | Lost mutation: You have a pair of horns on your head.
                  | [Jiyva's grace]
 21932 | Spider:3 | Lost mutation: You are covered in slimy tendrils that may
                  | disarm your opponents. [Jiyva's grace]
 21932 | Spider:3 | Gained mutation: You are covered in slimy tendrils that may
                  | disarm your opponents. [Jiyva's grace]
 21932 | Spider:3 | Gained mutation: You are partially covered in large bone
                  | plates. (SH +4) [Jiyva's grace]
 21932 | Spider:3 | Gained mutation: You are mostly covered in large bone
                  | plates. (SH +6) [Jiyva's grace]
 21932 | Spider:3 | Gained mutation: You are completely covered in large bone
                  | plates. (SH +8) [Jiyva's grace]
 22417 | Spider:3 | Reached skill level 5 in Maces & Flails
 22417 | Spider:3 | Reached XP level 17. HP: 162/163 MP: 17/17
 22866 | Spider:4 | Entered Level 4 of the Spider Nest
 22871 | Spider:4 | Reached skill level 19 in Fighting
 23249 | Spider:4 | Noticed Arachne
 23276 | Spider:4 | Killed Arachne
 23481 | Spider:4 | HP: 5/169 [something (4)]
 23482 | Spider:4 | Reached skill level 15 in Shields
 23482 | Spider:4 | HP: 2/169 [jumping spider (5)]
 23482 | Spider:4 | Slain by a ghost moth

Illustrated notes

Levels and vault maps discovered:
D:1:      dpeg_arrival_shrine, layout_loops_ring, fountainhead, chequers_jeans,
          st_stairs_5, minmay_tromino_v2
D:2:      layout_loops_corners, basic_altar,
          hellmonk_ecumenical_altar_slurped_away, serial_shops,
          nicolae_shop_bloodbath_and_beyond, nicolae_shop_just_a_little_nook,
          shop
D:3:      layout_basic
D:4:      layout_basic, grunt_temple_overflow_diamond, uniq_robin
D:5:      layout_rooms, serial_bayou_pond_b
D:6:      layout_loops_cross, minmay_temple_entry_slanted, nicolae_stop_n_shop_1
D:7:      layout_cave_pods, elyvilon_altar_1, jmf_multi_god_temple2,
          uniq_duvessa
D:8:      layout_loops_ring, hellmonk_lair_entry_icy
D:9:      layout_gridville, enter_bailey_2, wad_floor_pattern_untrapped,
          uniq_erolcha
D:10:     layout_rooms, nicolae_qazlal_eye_of_the_storm, minmay_misc_feat_room,
          uniq_gastronok
D:11:     layout_roguey, serial_shops, nicolae_shop_tiny_waterfront,
          chequers_serial_rivers_marsh, hangedman_abyss_or_decor_stagger,
          kiku_gazebo_pond_becter, uniq_maurice
D:12:     layout_grid_maze, david_orc_2, enter_trove_1
Temple:   regret_index_temple_waves
Lair:1:   layout_chaotic_city, hangedman_lair_unloving_vines,
          infiniplex_staircase_pool
Lair:2:   nzn_winding_woodlands_cross
          [nzn_winding_woodlands_5x15_pathside_ponds,
          nzn_winding_woodlands_5x15_crooked,
          nzn_winding_woodlands_5x15_split_checker,
          nzn_winding_woodlands_5x15_sawtooth,
          nzn_winding_woodlands_15x15_killbox], layout_chaotic_city,
          spider_nest_entry_web_field, portal_ice_cave_rime,
          chequers_serial_rivers_marsh, nicolae_lair_grazing_beasts
          [nicolae_sub_lair_graze_edge, nicolae_sub_lair_graze_edge,
          nicolae_sub_lair_graze_edge, nicolae_sub_lair_graze_edge], uniq_harold
Lair:3:   layout_loops_ring, minmay_swamp_entry_worms, serial_bayou_shore_b,
          uniq_kirke
Lair:4:   layout_cave_pods, beast_lair_carwin_10, grunt_megastairs_5
Lair:5:   gammafunk_lair_ancient_temple, layout_regular_city,
          dpeg_slime_entry_corner
Spider:1: layout_chambers
Spider:2: layout_chambers
Spider:3: layout_chambers
Spider:4: grunt_spider_rune_island, hangedman_spider_tarantella_strand,
          uniq_arachne
Orc:1:    layout_caves, minmay_orc_temple_a
Orc:2:    pf_orc_diabolical, layout_caves, mines_bat_river

Skill      XL: |  1  2  3  4  5  6  7  8  9 10 11 12 13 14 15 16 17 |
---------------+----------------------------------------------------+-----
Axes           | 3 5 6 7 8 9 11 14 15 16 17 18 | 18.0
Fighting       | 4 5 6 7 8 10 13 14 15 16 17 18 19 | 19.7
Armour         | 4 5 6 8 9 10 11 12 13 15 16 17 | 17.0
Dodging        | 1 |  1.4
Shields        | 4 5 6 7 9 10 12 13 14 15 | 15.0
Evocations     | 2 4 6 |  6.0
Throwing       | 2 4 5 6 |  6.0
Maces & Flails | 2 5 6 |  6.4

Action                     |  1- 3 |  4- 6 |  7- 9 | 10-12 | 13-15 | 16-18 || total
---------------------------+-------+-------+-------+-------+-------+-------++-------
  Melee: War axe           |    76 |   161 |   153 |   162 |       |       ||   552
         Dagger            |       |       |   208 |       |       |       ||   208
         Kick              |       |       |    33 |    53 |       |       ||    86
         Broad axe         |       |       |       |   110 |   600 |   421 ||  1131
         Pseudopods        |       |       |       |    25 |    22 |    85 ||   132
         Morningstar       |       |       |       |       |    71 |       ||    71
         Headbutt          |       |       |       |       |       |   108 ||   108
  Throw: Dart              |       |       |       |     2 |     9 |     5 ||    16
 Invoke: Oozemancy         |       |       |     2 |     2 |     2 |       ||     6
Ability: Evoke Blink       |       |       |       |     1 |     1 |       ||     2
  Evoke: Wand              |       |       |    14 |       |       |       ||    14
         Phantom mirror    |       |       |       |       |     1 |       ||     1
    Use: Potion            |     1 |     1 |     6 |     3 |     1 |     2 ||    14
         Scroll            |       |       |       |    13 |    11 |     6 ||    30
   Stab: Confused          |       |       |       |     1 |     4 |     4 ||     9
 Armour: Scale mail        |    51 |    83 |    73 |       |       |       ||   207
         Ring mail         |       |       |   105 |    71 |   121 |       ||   297
         Plate armour      |       |       |       |       |    81 |       ||    81
         Crystal plate arm |       |       |       |       |   223 |   401 ||   624
  Dodge: Dodged            |    39 |    71 |   155 |    90 |   209 |   104 ||   668
  Block: Buckler           |    19 |    42 |    91 |   147 |   443 |   404 ||  1146
         Reflection        |       |       |       |     2 |    14 |     5 ||    21
